 Dungeon Crawl Stone Soup version 0.31.0-11-ge490571c62 (webtiles) character file.

Game seed: 15309156152843308580

13591 Rassilon the Slicer (level 12, -2/56 (64) HPs)
             Began as a Vine Stalker Berserker on Feb 2, 2024.
             Was an Elder of Trog.
             Slain by a spectral komodo dragon (13 damage)
             ... in a Gauntlet.
             The game lasted 00:58:43 (10184 turns).

Rassilon the Slicer (Vine Stalker Berserker)       Turns: 10184, Time: 00:58:43

HP:   -2/56 (64)    AC: 19    Str: 31    XL:     12   Next: 7%
MP:   0/13          EV: 11    Int:  7    God:    Trog [****..]
Gold: 395           SH:  0    Dex: 14    Spells: 11/11 levels left

rFire   x . .        H - +3 short sword (vamp)
rCold   + + .        (no shield)
rNeg    + . .        g - +1 ice dragon scales
rPois   .            M - +2 helmet
rElec   .            q - +1 cloak
rCorr   .            K - +0 pair of gloves
SInv    .            (no boots)
Will    +++..        x - amulet of the acrobat Stlth
                     D - +6 ring of strength
HPRegen 2.09/turn    i - ring of positive energy
MPRegen 0.13/turn

%: no teleportation, acrobat, guardian spirit
@: strong-willed, regenerating, studying Unarmed Combat, heavily drained
A: fangs 3, regeneration 1, magic shield, antimagic bite, no potion heal 2
a: Renounce Religion, Berserk, Trog's Hand, Brothers in Arms


You were in a Gauntlet.
You worshipped Trog.
Trog was greatly pleased with you.
You visited 3 branches of the dungeon, and saw 12 of its levels.
You also visited: Gauntlet.

You collected 535 gold pieces.
You spent 140 gold pieces at shops.

Inventory:

Hand Weapons
 j - a +4 dagger
 H - a +3 vampiric short sword (weapon)
Missiles
 l - 19 poisoned darts (quivered)
 z - a curare-tipped dart
 A - 14 throwing nets
Armour
 g - +1 ice dragon scales (worn)
 q - a +1 cloak (worn)
 K - a +0 pair of gloves (worn)
 M - a +2 helmet (worn)
Jewellery
 i - a ring of positive energy (right hand)
 x - an amulet of the acrobat (around neck)
 B - a ring of see invisible
 C - a ring of flight
 D - a +6 ring of strength (left hand)
 F - a +6 ring of strength
 I - a ring of poison resistance
Talismans
 E - a maw talisman
Wands
 c - a wand of flame (49)
 y - a wand of acid (4)
 G - a wand of charming (7)
 J - a wand of iceblast (8)
Scrolls
 b - 2 scrolls of torment
 d - a scroll of brand weapon
 f - 2 scrolls of identify
 h - 2 scrolls of summoning
 k - 3 scrolls of vulnerability
 r - 3 scrolls of immolation
 s - 2 scrolls of silence
 t - a scroll of fog
 u - 5 scrolls of teleportation
 v - a scroll of enchant weapon
Potions
 e - a potion of curing
 n - 6 potions of enlightenment
 o - 2 potions of haste
 p - 2 potions of magic
 w - a potion of lignification
 L - 2 potions of might
 N - 2 potions of mutation
Miscellaneous
 a - a phantom mirror
 m - a phial of floods


   Skills:
 - Level 8.0 Fighting
 - Level 10.1 Short Blades
 + Level 2.9 Throwing
 + Level 7.3 Armour
 - Level 2.6 Dodging
 + Level 6.5 Unarmed Combat
 - Level 6.2 Evocations
 + Level 4.9 Shapeshifting


You had 11 spell levels left.
You didn't know any spells.
Your spell library was empty.

Dungeon Overview and Level Annotations

Branches:
Dungeon (9/15)             Temple (1/1) D:4            Lair (2/5) D:9
 Shoals (0/4) Lair:2       Spider (0/4) Lair:2      Gauntlet (1/1)
    Orc: D:9-12

Altars:
Ashenzari
Cheibriados
Dithmenos
Elyvilon
Fedhas
Hepliaklqana
Kikubaaqudgha
Makhleb
Nemelex Xobeh
Okawaru
Qazlal
Ru
Sif Muna
Trog
Uskayaw
Vehumet
Wu Jian
Xom
Yredelemnul
Zin
The Shining One

Shops:
D:4 =   D:5 *   D:6 =   D:7 !   D:8 (

Annotations:
Gauntlet 9 transporters, exclusion: 2 lightning spires


Innate Abilities, Weirdness & Mutations

You have razor-sharp teeth.
Your natural rate of healing is unusually fast.
When hurt, damage is shared between your health and your magic reserves.
Your bite disrupts and absorbs the magic of your enemies.
Potions cannot restore your health.


Message History

The death scarab waves its antennae.
The spectral eight-headed hydra bites you but does no damage.
The spectral eight-headed hydra bites you. x2
The spectral eight-headed hydra barely misses you.
The spectral eight-headed hydra bites you.
You partially resist.
You feel drained.
The spectral eight-headed hydra bites you but does no damage. x2
The spectral eight-headed hydra bites you!
The spectral komodo dragon misses you.
You hit the spectral eight-headed hydra.
You bite the spectral eight-headed hydra!
You drain its power.
You feel invigorated.
The spectral eight-headed hydra is moderately damaged.
Unknown command.
Your skin crawls.
You feel strong-willed.
The spectral komodo dragon bites you but does no damage.
The spectral eight-headed hydra bites you!
You partially resist.
You feel drained.
The spectral eight-headed hydra bites you but does no damage.
The spectral eight-headed hydra closely misses you.
The spectral eight-headed hydra misses you.
The spectral eight-headed hydra bites you but does no damage. x2
The spectral eight-headed hydra bites you.
The spectral eight-headed hydra closely misses you.
You hit the spectral eight-headed hydra.
You bite the spectral eight-headed hydra, but do no damage.
The spectral eight-headed hydra is heavily damaged.
The spectral eight-headed hydra closely misses you.
The spectral eight-headed hydra bites you. x2
* * * LOW HITPOINT WARNING * * *
You partially resist.
You feel drained.
The spectral eight-headed hydra bites you but does no damage. x2
The spectral eight-headed hydra bites you.
* * * LOW HITPOINT WARNING * * *
The spectral eight-headed hydra bites you.
* * * LOW HITPOINT WARNING * * *
The spectral eight-headed hydra bites you but does no damage.
The spectral komodo dragon bites you!
You die...

#≈...###########...........
##...............8.....8... .#
##.8.....8................
..##≈...............#########
...##...#########...#....≈...
.....#...#.......#...#≈≈.≈≈.≈≈
#.©8.#...##..##..#####..≈..≈≈^
#....#...###..##B#...#.≈^≈≈...
..©8.#.8.#©##@Z###©.©#©.^≈..≈≈
#....#...#[.##ZZ##...#.^^≈≈.≈.
#.©8.#...#?:.##B.#####≈.≈..≈^.
.....#...#.......#...#.≈≈≈..≈≈
...##...#########...#....≈≈©.
..##≈...............#########
.# ##.8.....8................
##...............8.....8...
#≈...###########...........


You could see a spectral komodo dragon, a spectral eight-headed hydra, a
spectral dream sheep and a death scarab.

Vanquished Creatures
  Erolcha (D:9)
  A catoblepas (Lair:2)
  A two-headed ogre (D:7)
  4 black mambas
  3 cane toads
  3 komodo dragons (Lair:1)
  A polar bear (Lair:2)
  2 wyverns (Lair:2)
  6 shadows (Gauntlet)
  9 yaks
  Eustachio (D:6)
  An acid dragon (D:9)
  Duvessa (D:6)
  6 water moccasins
  5 orc warriors
  3 ice beasts
  A black bear (D:5)
  2 sky beasts
  A spectral torpor snail (Gauntlet)
  4 ogres
  A wolf (Lair:2)
  A centaur (D:9)
  A phantom (D:6)
  2 kobold brigands
  4 bullfrogs
  6 gnoll sergeants
  3 scorpions
  4 wights (D:8)
  Dowan (D:6)
  8 killer bees (D:8)
  A howler monkey (D:9)
  4 gnoll boudas
  A bombardier beetle (D:3)
  8 hounds
  Crazy Yiuf (D:2)
  11 orc priests
  3 sleepcaps
  4 iguanas
  4 orc wizards
  Robin (D:2)
  44 gnolls
  9 adders
  A shadow imp (D:7)
  A white imp (D:6)
  2 ufetubi (D:6)
  A ribbon worm (D:2)
  2 dart slugs (D:1)
  52 orcs
  5 endoplasms
  3 giant cockroaches
  15 goblins
  7 hobgoblins
  8 jackals
  6 quokkas
  4 ball pythons
  4 bats
  3 frilled lizards
  10 kobolds
  4 rats
306 creatures vanquished.

Vanquished Creatures (collateral kills)
  2 yaks (D:8)
2 creatures vanquished.

Grand Total: 308 creatures vanquished

Notes
Turn   | Place    | Note
-------+----------+-------------------------------------------
     0 | D:1      | Rassilon the Vine Stalker Berserker began the quest for the
                  | Orb.
     0 | D:1      | Reached XP level 1. HP: 11/11 MP: 2/2
   117 | D:1      | Reached XP level 2. HP: 12/16 MP: 1/3
   405 | D:1      | Found a faded altar of an unknown god.
   416 | D:1      | Reached skill level 3 in Short Blades
   459 | D:1      | Reached XP level 3. HP: 20/20 MP: 4/4
   681 | D:2      | Reached ** piety under Trog
   774 | D:2      | Reached XP level 4. HP: 24/24 MP: 5/5
  1108 | D:2      | Found a runed translucent door.
  1109 | D:2      | Noticed Crazy Yiuf
  1121 | D:2      | Paralysed by Crazy Yiuf for 1 turns
  1129 | D:2      | Killed Crazy Yiuf
  1255 | D:2      | Noticed Robin
  1292 | D:2      | Killed Robin
  1293 | D:2      | Reached XP level 5. HP: 28/28 MP: 6/6
  2586 | D:4      | Found Zurryptoy's Jewellery Shop.
  2664 | D:4      | Found a staircase to the Ecumenical Temple.
  2670 | D:4      | Reached XP level 6. HP: 24/33 MP: 3/7
  2674 | Temple   | Entered the Ecumenical Temple
  2877 | D:4      | Reached skill level 4 in Short Blades
  2985 | D:5      | Entered Level 5 of the Dungeon
  3194 | D:5      | Found Asafrax's Assorted Antiques.
  3199 | D:5      | Bought a scroll labelled HEESMA MEWOAWN for 26 gold pieces
  3199 | D:5      | Bought a scroll labelled KAMIEL GISA for 26 gold pieces
  3339 | D:5      | Reached skill level 1 in Evocations
  3411 | D:5      | Noticed a black bear
  3419 | D:5      | Killed a black bear
  3420 | D:5      | Reached XP level 7. HP: 37/37 MP: 8/8
  4152 | D:6      | Noticed Eustachio
  4161 | D:6      | Killed Eustachio
  4162 | D:6      | Reached skill level 5 in Short Blades
  4270 | D:6      | Gained mutation: You have razor-sharp teeth. [Vine Stalker
                  | growth]
  4270 | D:6      | Reached XP level 8. HP: 42/42 MP: 5/9
  4347 | D:6      | Found a basalt altar of Yredelemnul.
  4432 | D:6      | Found Zecoff's Jewellery Shoppe.
  4452 | D:6      | Reached skill level 5 in Fighting
  4452 | D:6      | Reached skill level 6 in Short Blades
  4469 | D:6      | Reached *** piety under Trog
  4493 | D:6      | Noticed Dowan
  4496 | D:6      | Noticed Duvessa
  4511 | D:6      | Killed Duvessa
  4513 | D:6      | Killed Dowan
  4834 | D:7      | Reached XP level 9. HP: 43/47 MP: 8/10
  4911 | D:7      | Noticed a two-headed ogre
  4922 | D:7      | Killed a two-headed ogre
  4923 | D:7      | Reached skill level 7 in Short Blades
  4923 | D:7      | Reached skill level 5 in Armour
  5380 | D:7      | Reached skill level 8 in Short Blades
  5605 | D:7      | Reached **** piety under Trog
  5667 | D:7      | Reached skill level 5 in Evocations
  5667 | D:7      | Reached XP level 10. HP: 53/53 MP: 11/11
  6189 | D:7      | Found Yclehagu's Distillery.
  6193 | D:7      | Bought a potion of degeneration for 11 gold pieces
  6193 | D:7      | Bought a potion of attraction for 33 gold pieces
  6193 | D:7      | Bought a potion of might for 44 gold pieces
  6418 | D:8      | Reached skill level 1 in Shapeshifting
  6474 | D:8      | Reached skill level 9 in Short Blades
  6748 | D:8      | Found Qaguhu's Weapon Emporium.
  7440 | D:8      | Identified a scroll of acquirement
  7440 | D:8      | Acquired a manual of Unarmed Combat
  7550 | D:9      | Found a staircase to the Lair.
  7555 | D:9      | Found a sacrificial altar of Ru.
  7657 | D:9      | Noticed Erolcha
  7665 | D:9      | Killed Erolcha
  7666 | D:9      | Reached XP level 11. HP: 58/58 MP: 12/12
  8346 | Lair:1   | Entered Level 1 of the Lair of Beasts
  9583 | Lair:2   | Noticed a catoblepas
  9630 | Lair:2   | Killed a catoblepas
  9631 | Lair:2   | Reached skill level 1 in Throwing
  9644 | Lair:2   | Reached skill level 10 in Short Blades
  9673 | Lair:2   | Reached skill level 5 in Unarmed Combat
  9843 | Lair:2   | Found a gate leading to a gauntlet.
  9852 | Gauntlet | Entered a Gauntlet
  9852 | Gauntlet | Found a transporter.
  9861 | Gauntlet | Found a transporter.
  9862 | Gauntlet | Noticed a death drake
  9877 | Gauntlet | Found a transporter.
  9881 | Gauntlet | Found a transporter.
  9890 | Gauntlet | Noticed a lightning spire
  9891 | Gauntlet | Found a transporter.
  9902 | Gauntlet | Noticed a lightning spire
  9908 | Gauntlet | Noticed a death scarab
  9911 | Gauntlet | Found a transporter.
  9914 | Gauntlet | Found a transporter.
  9918 | Gauntlet | Found a transporter.
  9931 | Gauntlet | Noticed a death scarab
  9940 | Gauntlet | Noticed a thrashing horror
  9941 | Gauntlet | Found a transporter.
  9958 | Gauntlet | Found a transporter.
  9965 | Gauntlet | Found a transporter.
  9970 | Gauntlet | Found a transporter.
 10102 | Gauntlet | Reached XP level 12. HP: 35/64 MP: 7/13
 10184 | Gauntlet | Slain by a spectral komodo dragon

Illustrated notes

Levels and vault maps discovered:
D:1:      denvon_arrival_planthouse, layout_rooms,
          shapermc_ecumenical_altar_mp_urbaneastern
D:2:      layout_loops_corners, roderic_roman_lattice, uniq_crazy_yiuf_cottage,
          uniq_robin
D:3:      layout_loops_corners, minivault_19
D:4:      layout_basic, minmay_temple_entry_proselytizer,
          minmay_shop_grid_forest, eino_curves_02
D:5:      layout_basic, serial_co_window_serial, co_window_paths_b,
          co_window_corner_a, co_window_paths_b, co_window_corner_a,
          co_window_paths_a, co_window_broadway_c, co_window_cross_4,
          co_window_cross_2, co_window_2corner, co_window_corner_b,
          co_window_sun, co_window_paths_e, serial_shops, shop
D:6:      layout_cave_pools, yredelemnul_altar_generic, serial_shops,
          nicolae_shop_stone, st_stairs_8, uniq_duvessa, uniq_eustachio
D:7:      layout_cave_pools, serial_gnoll_camp, gnoll_camp_medium_02,
          gnoll_camp_mini_shop, gnoll_camp_huts_moat, gnoll_camp_mini_hut,
          gnoll_camp_mini_house
D:8:      layout_rooms, serial_shops, shop
D:9:      layout_small_grid, mainiacjoe_overflow_tiny_flanked, lair_entry_dummy,
          special_room [special_room_orc], uniq_erolcha
Temple:   hellmonk_temple_of_storms
Lair:1:   layout_gridlike
Lair:2:   nzn_winding_woodlands_huge [nzn_winding_woodlands_5x15_pathside_ponds,
          nzn_winding_woodlands_5x15_eye, nzn_winding_woodlands_5x15_twine,
          nzn_winding_woodlands_5x15_cabin,
          nzn_winding_woodlands_5x15_sidewinder,
          nzn_winding_woodlands_5x15_parted, nzn_winding_woodlands_5x15_crooked,
          nzn_winding_woodlands_5x15_default, nzn_winding_woodlands_5x15_jagged,
          nzn_winding_woodlands_5x15_sawtooth,
          nzn_winding_woodlands_center_garden,
          nzn_winding_woodlands_center_diamonds,
          nzn_winding_woodlands_15x15_thick_spiral], layout_gridlike,
          shoals_dummy_entry, spider_nest_entry_web_field,
          gauntlet_entry_generic, portal_ice_cave_entry_ice_simulacra,
          uniq_maggie
Gauntlet: minmay_gauntlet_mixed_oops_all_seconds [minmay_gauntlet_arena_77_mess,
          nicolae_gauntlet_arena_flowing_pool, minmay_gauntlet_arena_77_museum,
          gammafunk_gauntlet_arena_split_diamond,
          minmay_gauntlet_arena_77_two_lines, nicolae_gauntlet_arena_t_cross,
          gauntlet_exit_green]

Skill      XL: |  1  2  3  4  5  6  7  8  9 10 11 |
---------------+----------------------------------+-----
Short Blades   | 3 4 5 6 8 9 10 | 10.1
Fighting       | 3 4 5 6 7 8 |  8.0
Armour         | 2 3 4 5 6 7 |  7.3
Dodging        | 2 |  2.6
Evocations     | 1 2 3 5 6 |  6.2
Shapeshifting  | 2 4 |  4.9
Unarmed Combat | 2 6 |  6.5
Throwing       | 2 |  2.9

Action                     |  1- 3 |  4- 6 |  7- 9 | 10-12 || total
---------------------------+-------+-------+-------+-------++-------
  Melee: Short sword       |   138 |    55 |       |   566 ||   759
         Bite              |    40 |    46 |   116 |   281 ||   483
         Punch             |     2 |     3 |     4 |    29 ||    38
         Dagger            |       |   118 |   368 |   204 ||   690
  Throw: Dart              |       |       |     7 |    10 ||    17
 Invoke: Berserk           |       |     1 |     6 |    11 ||    18
         Trog's Hand       |       |       |       |     8 ||     8
         Brothers in Arms  |       |       |       |     1 ||     1
    Use: Potion            |       |     4 |       |     7 ||    11
         Scroll            |       |       |       |    22 ||    22
   Stab: Invisible         |       |     2 |       |       ||     2
 Armour: Animal skin       |    10 |       |       |       ||    10
         Ice dragon scales |    83 |    96 |   276 |   499 ||   954
         Skin              |       |     8 |       |       ||     8
  Dodge: Dodged            |    88 |    81 |   208 |   258 ||   635
